 Dungeon Crawl Stone Soup version 0.29.1-12-g30fa7ad0bf (webtiles) character file.

Game seed: 10704538614223684295

75 Radix the Sneak (level 4, 0/27 HPs)
             Began as a Kobold Brigand on Dec 15, 2022.
             Killed by an exploding orc (27 damage)
             ... ignited by their inner flame
             ... on level 3 of the Dungeon.
             The game lasted 00:09:02 (2078 turns).

Radix the Sneak (Kobold Brigand)                    Turns: 2078, Time: 00:09:03

Health: 0/27       AC:  5    Str:  8    XL:     4   Next: 55%
Magic:  4/4        EV: 14    Int: 12    God:
Gold:   139        SH:  0    Dex: 18    Spells: 3/3 levels left

rFire   . . .      SeeInvis .   a - +2 dagger
rCold   . . .      Faith    .   (no shield)
rNeg    . . .      Spirit   .   k - +0 leather armour
rPois   .          Reflect  .   (no helmet)
rElec   .          Harm     .   c - +1 cloak
rCorr   .          Rampage  .   (no gloves)
Will    .....                   (no boots)
Stlth   +++.......              (no amulet)
HPRegen 0.09/turn               (no ring)
MPRegen 0.09/turn               (no ring)

@: silenced
A: small, no large weapons, nightstalker 3
a: no special abilities


You were on level 3 of the Dungeon.
You visited 1 branch of the dungeon, and saw 3 of its levels.

You collected 139 gold pieces.

Inventory:

Hand Weapons
 a - a +2 dagger (weapon)
Missiles
 d - 9 poisoned darts (quivered)
 e - 3 curare-tipped darts
 g - 5 boomerangs
Armour
 b - a +0 robe
 c - a +1 cloak (worn)
 k - a +0 leather armour (worn)
Scrolls
 h - a scroll of teleportation {unknown}
 j - 4 scrolls of fear {unknown}
 m - a scroll of identify {unknown}
Potions
 f - a potion of resistance {unknown}
 i - a potion of heal wounds
 n - a potion of curing {unknown}
 p - a potion of degeneration {unknown}
 r - 2 potions of berserk rage {unknown}


   Skills:
 + Level 2.9 Fighting
 + Level 3.5 Short Blades
 + Level 2.9 Throwing
 + Level 2.4 Dodging
 + Level 5.9 Stealth


You had 3 spell levels left.
You didn't know any spells.
Your spell library contained the following spells:

 Spells                   Type           Power      Damage    Failure   Level
 Frozen Ramparts          Ice            0%         1d1       82%         3
 Ice Form                 Ice/Tmut       0%         N/A       99%         4
 Summon Ice Beast         Ice/Summ       0%         N/A       99%         4


Dungeon Overview and Level Annotations

Branches:
Dungeon (3/15)

Altars:


Innate Abilities, Weirdness & Mutations

You are small and have problems with some larger weapons.
You are completely attuned to the shadows.


Message History

The orc attacks as you move away!
The orc hits you with a +0 falchion of holy wrath.
The orc attacks as you move away! The orc completely misses you.
You closely miss the orc. You punch the orc.
The orc is severely wounded.
The orc closely misses you.
You hit the orc.
You kill the orc!
You barely miss the orc. The orc completely misses you.
You hit the orc but do no damage. You hit the orc.
The orc is severely wounded.
The orc hits you with a +0 falchion of holy wrath.
* * * LOW HITPOINT WARNING * * *
The orc attacks as you move away! The orc closely misses you.
The orc attacks as you move away! The orc closely misses you.
The orc attacks as you move away! The orc closely misses you.
The orc closely misses you. The orc attacks as you move away!
The orc hits you with a +0 falchion of holy wrath.
* * * LOW HITPOINT WARNING * * *
The air fills with toxic fumes!
As you read the scroll labelled FASUAKKIUJ, it crumbles to dust.
It was a scroll of poison.
The orc closely misses you.
As you read the scroll labelled HENWEL ETETTOME, it crumbles to dust.
The creatures around you are filled with an inner flame!
It was a scroll of immolation.
The orc barely misses you.
As you read the scroll labelled LULUFA NOUGGEI, it crumbles to dust.
It is a scroll of enchant armour.
Your +0 cloak glows green for a moment.
The orc barely misses you.
As you read the scroll labelled QUNACU TYOTOAMYP, it crumbles to dust.
A profound silence engulfs you.
It was a scroll of silence.
The orc closely misses you.
It was a potion of heal wounds.
You feel much better. The orc closely misses you.
You hit the orc.
The orc explodes!
The fiery explosion engulfs you!!
Ouch! That really hurt!
You die...

#.##.......#
#########.##.#####.#
#.....)......)..##.#
....#####.##.##.##.#
#...# #...#§##§##.#
##### #.....§§☼§§§.#
##...###§§§### #.#
#§§§§§######### #.
#§☼§@)o§§.....# ##
#§§§§§§###.##.# .#
##§§§#§# #.##.# .###
#####§###.##.# ...#
#.##..##.# .#.#
#.....)..# .#.##
#....##### ....+
.....# .#.## #....#


You could see an orc (inner flame).

Vanquished Creatures
  2 worms
  3 orcs (D:3)
  3 ball pythons
  5 endoplasms
  2 giant cockroaches (D:2)
  8 goblins
  10 hobgoblins
  5 jackals (D:1)
  A quokka (D:2)
  3 bats
  5 frilled lizards
  6 kobolds
  6 rats
59 creatures vanquished.

Notes
Turn   | Place    | Note
-------+----------+-------------------------------------------
     0 | D:1      | Radix the Kobold Brigand began the quest for the Orb.
     0 | D:1      | Reached XP level 1. HP: 12/12 MP: 1/1
   265 | D:1      | Reached XP level 2. HP: 18/18 MP: 2/2
   379 | D:1      | Found a faded altar of an unknown god.
   483 | D:1      | Reached XP level 3. HP: 22/22 MP: 3/3
  1359 | D:2      | Reached XP level 4. HP: 26/27 MP: 4/4
  2078 | D:3      | Killed by an exploding orc... ignited by their inner flame

Illustrated notes

Levels and vault maps discovered:
D:1:      dpeg_arrival_stonehenge_8_columns, layout_basic,
          hellmonk_ecumenical_altar_zigzags
D:2:      layout_loops_ring
D:3:      layout_loops_corners, hellmonk_ghost_happy_afterlife

Skill      XL: |  1  2  3 |
---------------+----------+-----
Short Blades   | 3 |  3.5
Dodging        | 2 |  2.4
Fighting       | |  2.9
Throwing       | |  2.9
Stealth        | |  5.9

Action                   |  1- 3 |  4- 6 || total
-------------------------+-------+-------++-------
Melee: Dagger            |    79 |    46 ||   125
       Punch             |     2 |     2 ||     4
Throw: Dart              |     1 |     3 ||     4
  Use: Scroll            |       |     4 ||     4
       Potion            |       |     1 ||     1
 Stab: Sleeping          |    18 |    11 ||    29
       Distracted        |     2 |       ||     2
Armor: Robe              |     7 |       ||     7
       Leather armour    |     2 |     2 ||     4
Dodge: Dodged            |    40 |    24 ||    64
